 Dungeon Crawl Stone Soup version 0.25-a0-733-gf7d8cd8a05 (webtiles) character file.

Game seed: 11409340286760839648, levelgen mode: deterministic

6328 tilp the Gusty (level 10, -10/76 HPs)
             Began as a Gnoll Wanderer on Apr 9, 2020.
             Was a Priest of Cheibriados.
             Mangled by an orc knight
             ... wielding a +0 great sword of distortion
              (16 damage)
             ... on level 11 of the Dungeon.
             The game lasted 00:24:12 (11584 turns).

tilp the Gusty (Gnoll Wanderer)                    Turns: 11584, Time: 00:24:13

Health: -10/76     AC: 20    Str: 21    XL:     10   Next: 95%
Magic:  18/18      EV: 11    Int: 27    God:    Cheibriados [***...]
Gold:   644        SH: 11    Dex: 20    Spells: 20/20 levels left

rFire    . . .     SeeInvis .   a - +0 war axe (flame)
rCold    . . .     Gourm    .   H - +0 kite shield
rNeg     . . .     Faith    .   p - +1 plate armour
rPois    .         Spirit   .   s - +2 helmet
rElec    .         Reflect  .   U - +1 cloak
rCorr    .         Harm     .   (no gloves)
MR       .....                  (no boots)
Stlth    ..........             N - amulet of the acrobat
HPRegen  0.22/turn              v - +3 ring of evasion
MPRegen  0.16/turn              Q - +1 ring of protection

@: very slow
A: distributed training, fangs 1, strong nose
a: Bend Time, Temporal Distortion, Renounce Religion


You were on level 11 of the Dungeon.
You worshipped Cheibriados.
Cheibriados was most pleased with you.
You were not hungry.

You visited 2 branches of the dungeon, and saw 12 of its levels.

You collected 644 gold pieces.

Inventory:

Hand Weapons
 a - a +0 war axe of flaming (weapon)
 b - a +0 hunting sling
 K - a +0 halberd
 R - a +3 trident
 W - a +0 whip of electrocution
Missiles
 d - 62 poisoned darts (quivered)
 g - 299 stones
 i - 61 bolts
 j - 129 sling bullets
 t - 4 throwing nets
 x - 159 arrows
Armour
 k - a +2 scale mail of fire resistance
 p - a +1 plate armour (worn)
 s - a +2 helmet (worn)
 H - a +0 kite shield (worn)
 U - a +1 cloak (worn)
Magical Staves
 I - an uncursed staff of wizardry
Jewellery
 n - an uncursed ring of protection from cold
 v - a +3 ring of evasion (left hand)
 C - a +2 ring of evasion
 E - an uncursed ring of fire
 G - an uncursed ring of see invisible
 N - an amulet of the acrobat (around neck)
 Q - a +1 ring of protection (right hand)
Wands
 D - a wand of digging (5)
 J - a wand of enslavement (7)
 P - a wand of flame (21)
Scrolls
 f - a scroll of vulnerability
 l - 2 scrolls of fog
 q - 2 scrolls of immolation
 u - a scroll of random uselessness {unknown}
 w - 5 scrolls of amnesia
 y - 3 scrolls of magic mapping
 z - a scroll of remove curse
 A - a scroll of blinking {unknown}
 B - a scroll of enchant weapon {unknown}
 F - a scroll of holy word {unknown}
 L - 2 scrolls of teleportation
Potions
 e - 2 potions of stabbing {unknown}
 h - a potion of ambrosia
 o - 8 potions of curing
 r - a potion of cancellation
 M - 4 potions of flight
 O - a potion of haste {unknown}
 S - a potion of invisibility {unknown}
Comestibles
 c - 16 rations


   Skills:
 + Level 6.2 Fighting
 + Level 5.6 Short Blades
 + Level 5.6 Long Blades
 + Level 5.6 Axes
 + Level 5.6 Maces & Flails
 + Level 5.6 Polearms
 + Level 5.6 Staves
 + Level 5.6 Slings
 + Level 5.6 Bows
 + Level 5.6 Crossbows
 + Level 6.2 Throwing
 + Level 5.6 Armour
 + Level 6.2 Dodging
 + Level 6.2 Stealth
 + Level 6.2 Shields
 + Level 5.6 Unarmed Combat
 + Level 5.6 Spellcasting
 + Level 4.6 Conjurations
 + Level 4.6 Hexes
 + Level 4.6 Charms
 + Level 4.6 Summonings
 + Level 4.6 Necromancy
 + Level 4.6 Translocations
 + Level 4.6 Transmutations
 + Level 4.6 Fire Magic
 + Level 6.1 Ice Magic
 + Level 7.3 Air Magic
 + Level 4.6 Earth Magic
 + Level 4.6 Poison Magic
 + Level 6.2 Invocations
 + Level 5.6 Evocations


You had 20 spell levels left.
You didn't know any spells.
Your spell library contained the following spells:

 Spells                   Type           Power        Failure   Level  Hunger
 Apportation              Tloc           ####..       54%         1    None
 Pain                     Necr           ####         54%         1    None
 Summon Butterflies       Summ           ####....     54%         1    None
 Lesser Beckoning         Tloc           ####......   88%         3    None
 Portal Projectile        Hex/Tloc       ####..       88%         3    None
 Tukima's Dance           Hex            ####....     88%         3    None
 Leda's Liquefaction      Hex/Erth       ####......   99%         4    ###....
 Alistair's Intoxication  Tmut/Pois      ####....     100%        5    #####..
 Invisibility             Hex            ####....     100%        6    ######.


Dungeon Overview and Level Annotations

Branches:
Dungeon (11/15)            Temple (1/1) D:6             Orc (0/2) D:11
   Lair: D:8-11

Altars:
Ashenzari
Cheibriados
Dithmenos
Elyvilon
Fedhas
Gozag
Hepliaklqana
Kikubaaqudgha
Makhleb
Nemelex Xobeh
Okawaru
Qazlal
Ru
Sif Muna
Trog
Uskayaw
Vehumet
Wu Jian
Xom
Yredelemnul
Zin
The Shining One

Shops:
D:9 [   D:10 %

Annotations:
D:5 3 runed translucent doors, krystol's ghost, novice MiAK


Innate Abilities, Weirdness & Mutations

Your experience applies equally to all skills.
You have very sharp teeth.
Your uncanny sense of smell can sniff out nearby items.


Message History

You block the orc knight's attack.
Unknown command.
You hit the orc knight. You burn the orc knight.
Your bite misses the orc knight.
The orc knight is severely wounded.
The orc knight hits you but does no damage.
Space bends around you.
* * * LOW HITPOINT WARNING * * *
You closely miss the orc knight.
You bite the orc knight, but do no damage.
The orc knight is almost dead.
The orc knight hits you with a +0 great sword of distortion!
* * * LOW HITPOINT WARNING * * *
Your plate armour prevents you from hitting the orc knight.
Your bite misses the orc knight.
The orc knight is almost dead.
The orc knight hits you with a +0 great sword of distortion!
* * * LOW HITPOINT WARNING * * *
Space warps horribly around you!
You die...

#.... ##).# #######
##(.# #####....<##
##.)##
###........).####..##
..............##..##
..............#..##
..............)(##
$.....<......@o##
......./........#
...............##
..............##
..............#
.............##
#...........##
...........##
.#........##


You could see an orc knight.

Vanquished Creatures
  Harold (D:7)
  A troll (D:9)
  A hippogriff (D:8)
  A shadow (D:10)
  6 yaks
  2 hungry ghosts
  Menkaure (D:7)
  3 wargs (D:11)
  An orc warrior (D:9)
  6 ogres
  4 centaurs
  A big kobold (D:9)
  6 bullfrogs
  3 scorpions
  4 killer bees (D:9)
  4 wights
  4 howler monkeys
  A bullfrog zombie (D:10)
  5 crimson imps
  3 quasits
  3 hounds
  4 jellies
  A bullfrog skeleton (D:7)
  2 orc priests (D:5)
  2 centaur skeletons
  3 iguanas
  6 orc wizards
  7 worker ants
  A hound zombie (D:5)
  9 adders
  4 gnolls (D:6)
  A shadow imp (D:5)
  3 adder skeletons
  8 worms
  A dart slug (D:2)
  10 leopard geckos
  18 orcs
  6 bats
  7 giant cockroaches
  5 hobgoblins
  19 jackals
  5 kobolds
  7 quokkas
  3 ball pythons
  2 frilled lizards
  6 goblins
  A jackal zombie (D:7)
  A leopard gecko skeleton (D:6)
  A quokka skeleton (D:4)
  13 rats
217 creatures vanquished.

Vanquished Creatures (collateral kills)
  A warg (D:11)
  An ogre (D:11)
  A bullfrog (D:11)
  An orc wizard (D:11)
4 creatures vanquished.

Vanquished Creatures (others)
  A quokka (D:5)
1 creature vanquished.

Grand Total: 222 creatures vanquished

Notes
Turn   | Place    | Note
-------+----------+-------------------------------------------
     0 | D:1      | tilp the Gnoll Wanderer began the quest for the Orb.
     0 | D:1      | tilp set off with the following items: a +0 spear, 3
                  | throwing nets, a +0 leather armour, 10 poisoned darts, a +0
                  | dagger, a ration
     0 | D:1      | Reached XP level 1. HP: 17/17 MP: 1/1
   182 | D:1      | Reached XP level 2. HP: 12/23 MP: 2/2
   762 | D:1      | Reached XP level 3. HP: 27/28 MP: 3/3
  1170 | D:2      | Reached skill level 1 in Invocations
  1348 | D:2      | Reached skill level 1 in Short Blades
  1348 | D:2      | Reached skill level 1 in Long Blades
  1348 | D:2      | Reached skill level 1 in Axes
  1348 | D:2      | Reached skill level 1 in Maces & Flails
  1348 | D:2      | Reached skill level 1 in Polearms
  1348 | D:2      | Reached skill level 1 in Staves
  1348 | D:2      | Reached skill level 1 in Slings
  1348 | D:2      | Reached skill level 1 in Bows
  1348 | D:2      | Reached skill level 1 in Crossbows
  1348 | D:2      | Reached skill level 1 in Armour
  1348 | D:2      | Reached skill level 1 in Unarmed Combat
  1348 | D:2      | Reached skill level 1 in Spellcasting
  1348 | D:2      | Reached skill level 1 in Evocations
  1348 | D:2      | Reached XP level 4. HP: 20/34 MP: 5/5
  1632 | D:2      | Reached skill level 1 in Conjurations
  1632 | D:2      | Reached skill level 1 in Hexes
  1632 | D:2      | Reached skill level 1 in Charms
  1632 | D:2      | Reached skill level 1 in Summonings
  1632 | D:2      | Reached skill level 1 in Necromancy
  1632 | D:2      | Reached skill level 1 in Translocations
  1632 | D:2      | Reached skill level 1 in Transmutations
  1632 | D:2      | Reached skill level 1 in Fire Magic
  1632 | D:2      | Reached skill level 1 in Earth Magic
  1632 | D:2      | Reached skill level 1 in Poison Magic
  1632 | D:2      | Reached XP level 5. HP: 36/40 MP: 6/6
  2032 | D:2      | Found an opulent altar of Gozag.
  3216 | D:4      | Reached XP level 6. HP: 35/47 MP: 8/8
  3652 | D:4      | Reached XP level 7. HP: 36/52 MP: 10/10
  4788 | D:4      | Found a basalt altar of Yredelemnul.
  4798 | D:4      | Found a shattered altar of Ashenzari.
  4943 | D:5      | Entered Level 5 of the Dungeon
  5173 | D:5      | Found a runed translucent gate.
  5173 | D:5      | Found a runed translucent gate.
  5173 | D:5      | Found a runed translucent gate.
  5174 | D:5      | Noticed krystol's ghost (novice MiAK)
  5244 | D:5      | Found a white marble altar of Elyvilon.
  5553 | D:5      | Reached XP level 8. HP: 59/60 MP: 12/12
  5730 | D:6      | Reached skill level 6 in Air Magic
  6096 | D:6      | Found a staircase to the Ecumenical Temple.
  6121 | Temple   | Entered the Ecumenical Temple
  6280 | Temple   | Became a worshipper of Cheibriados the Contemplative
  7168 | D:7      | Found a radiant altar of Vehumet.
  7207 | D:7      | Reached * piety under Cheibriados
  7453 | D:7      | Reached XP level 9. HP: 61/66 MP: 14/14
  7461 | D:7      | Noticed Menkaure
  7474 | D:7      | Killed Menkaure
  7474 | D:7      | Reached skill level 5 in Ice Magic
  7712 | D:7      | Noticed Harold
  7771 | D:7      | Killed Harold
  7771 | D:7      | Reached skill level 5 in Fighting
  7771 | D:7      | Reached skill level 5 in Throwing
  7771 | D:7      | Reached skill level 5 in Dodging
  7771 | D:7      | Reached skill level 5 in Shields
  8418 | D:8      | Reached skill level 5 in Stealth
  8443 | D:8      | Reached skill level 5 in Invocations
  8703 | D:8      | Paralysed by fainting for 10 turns
  9026 | D:8      | Found a sacrificial altar of Ru.
  9279 | D:9      | Reached XP level 10. HP: 70/74 MP: 15/17
  9290 | D:9      | Found a shadowy altar of Dithmenos.
  9298 | D:9      | Reached ** piety under Cheibriados
  9600 | D:9      | Found Okeigel's Antique Armour Shoppe.
  9750 | D:9      | Reached skill level 5 in Short Blades
  9750 | D:9      | Reached skill level 5 in Long Blades
  9750 | D:9      | Reached skill level 5 in Axes
  9750 | D:9      | Reached skill level 5 in Maces & Flails
  9750 | D:9      | Reached skill level 5 in Polearms
  9750 | D:9      | Reached skill level 5 in Staves
  9750 | D:9      | Reached skill level 5 in Slings
  9750 | D:9      | Reached skill level 5 in Bows
  9750 | D:9      | Reached skill level 5 in Crossbows
  9750 | D:9      | Reached skill level 5 in Armour
  9750 | D:9      | Reached skill level 5 in Unarmed Combat
  9750 | D:9      | Reached skill level 5 in Spellcasting
  9750 | D:9      | Reached skill level 5 in Evocations
 10092 | D:9      | Reached skill level 7 in Air Magic
 10546 | D:10     | Entered Level 10 of the Dungeon
 10546 | D:10     | Found Ideh's Food Shop.
 10813 | D:10     | Identified Beklusm's Disquisition on Ensnaring Sinister
                  | Rituals
 11075 | D:10     | Found a stormy altar of Qazlal.
 11306 | D:11     | Reached *** piety under Cheibriados
 11541 | D:11     | Found a staircase to the Orcish Mines.
 11557 | D:11     | Noticed an orc knight
 11584 | D:11     | Mangled by an orc knight

Levels and vault maps discovered:
D:1:      tarquinn_simple_flora_water_b, layout_loops_ring,
          hangedman_abyss_or_decor_lesser_grid
D:2:      layout_loops_ring, old_standard_altar, kennysheep_generic_room_7
D:3:      layout_rooms, first_ration
D:4:      layout_basic, minitemple
D:5:      layout_rooms, elyvilon_altar_4, ebering_ghost_rock_garden
D:6:      layout_basic, temple_fountains
D:7:      layout_cave_pods, vehumet_altar_wand_db, uniq_menkaure, uniq_harold
D:8:      layout_gridville, kennysheep_mini_moat
D:9:      layout_loops_ring, serial_shops, nicolae_shop_waterfront,
          blue_anna_alchemist [blue_anna_fruit_fields, blue_anna_fruit_fields],
          grunt_dithmenos_smoke
D:10:     layout_rooms, serial_shops, shop, nicolae_qazlal_eye_of_the_storm
D:11:     layout_cave_pods, david_lair_generic, minmay_orc_entry_guard_dogs,
          basic_altar
Temple:   regret_index_temple_sphere_string

Skill      XL: |  1  2  3  4  5  6  7  8  9 10 |
---------------+-------------------------------+-----
Invocations    | 1 2 3 4 5 6 |  6.2
Short Blades   | 1 2 3 4 5 |  5.6
Long Blades    | 1 2 3 4 5 |  5.6
Axes           | 1 2 3 4 5 |  5.6
Maces & Flails | 1 2 3 4 5 |  5.6
Polearms       | 1 2 3 4 5 |  5.6
Staves         | 1 2 3 4 5 |  5.6
Slings         | 1 2 3 4 5 |  5.6
Bows           | 1 2 3 4 5 |  5.6
Crossbows      | 1 2 3 4 5 |  5.6
Armour         | 1 2 3 4 5 |  5.6
Unarmed Combat | 1 2 3 4 5 |  5.6
Spellcasting   | 1 2 3 4 5 |  5.6
Evocations     | 1 2 3 4 5 |  5.6
Conjurations   | 1 2 3 4 |  4.6
Hexes          | 1 2 3 4 |  4.6
Charms         | 1 2 3 4 |  4.6
Summonings     | 1 2 3 4 |  4.6
Necromancy     | 1 2 3 4 |  4.6
Translocations | 1 2 3 4 |  4.6
Transmutations | 1 2 3 4 |  4.6
Fire Magic     | 1 2 3 4 |  4.6
Earth Magic    | 1 2 3 4 |  4.6
Poison Magic   | 1 2 3 4 |  4.6
Fighting       | 3 4 5 6 |  6.2
Throwing       | 3 4 5 6 |  6.2
Dodging        | 3 4 5 6 |  6.2
Shields        | 3 4 5 6 |  6.2
Ice Magic      | 4 5 6 |  6.1
Stealth        | 3 4 5 6 |  6.2
Air Magic      | 6 7 |  7.3

Action                   |  1- 3 |  4- 6 |  7- 9 | 10-12 || total
-------------------------+-------+-------+-------+-------++-------
Melee: Spear             |   104 |   191 |       |       ||   295
       Bite              |     6 |    22 |    55 |    35 ||   118
       Punch             |       |     1 |       |       ||     1
       Hand axe          |       |    52 |    73 |       ||   125
       Trident           |       |       |   380 |       ||   380
       War axe           |       |       |   126 |   213 ||   339
       Whip              |       |       |       |    18 ||    18
 Fire: Hunting sling     |       |    18 |    22 |       ||    40
Throw: Dart              |    11 |    29 |    44 |    10 ||    94
       Stone             |       |       |     5 |       ||     5
Evoke: Wand              |       |       |     2 |     9 ||    11
  Use: Scroll            |       |     6 |     8 |     4 ||    18
       Potion            |       |       |     1 |       ||     1
 Stab: Sleeping          |     3 |     2 |       |       ||     5
       Paralysed         |       |       |       |     7 ||     7
  Eat: Chunk             |     1 |     8 |    15 |     3 ||    27
       Ration            |       |       |     5 |       ||     5
Armor: Leather armour    |    22 |     9 |       |       ||    31
       Plate armour      |       |   113 |   445 |   141 ||   699
       Skin              |       |       |     6 |       ||     6
Dodge: Dodged            |    39 |    58 |    91 |    97 ||   285
Block: Kite shield       |       |       |   203 |   154 ||   357

Table legend:
 A = Non-vault XP
 B = Vault XP
 C = Vault XP percentage of total XP
 D = Non-vault monster count
 E = Vault monster count
 F = Vault count percentage of total count
                 A         B        C        D         E       F
            +---------+---------+-------+---------+---------+-------
      Total |    7314 |    1727 |  19.1 |     211 |      10 |   4.5
            +---------+---------+-------+---------+---------+-------
        D:1 |      34 |       0 |   0.0 |      23 |       0 |   0.0
        D:2 |     223 |      19 |   7.9 |      28 |       3 |   9.7
        D:3 |     103 |       0 |   0.0 |      16 |       0 |   0.0
        D:4 |     530 |       0 |   0.0 |      33 |       0 |   0.0
        D:5 |     291 |       0 |   0.0 |      14 |       0 |   0.0
        D:6 |     553 |       0 |   0.0 |      18 |       0 |   0.0
        D:7 |     695 |    1117 |  61.6 |      17 |       3 |  15.0
        D:8 |     910 |       0 |   0.0 |      14 |       0 |   0.0
        D:9 |    1599 |     100 |   5.9 |      27 |       1 |   3.6
       D:10 |    1299 |       0 |   0.0 |      11 |       0 |   0.0
       D:11 |    1077 |     491 |  31.3 |      10 |       3 |  23.1
            +---------+---------+-------+---------+---------+-------
